Map: Orbital Shipyard

Players

Wogrizzle

  • Race: Zerg Zerg

Chris (MCanning) - Winner!

  • Race: Protoss Protoss

VOD

Have the link to the VOD?

Description

Time

  • Played on: Nov. 10, 2015, 11:39 p.m.
  • Length: 10:13
Show
View Real Time Build Order
Export as new Build Order

Wogrizzle Zerg 

Build Orders: Hatch First 

Get SALT Encoding   

  12  0:03  Drone  
  13  0:12  Overlord  
  13  0:22  Drone  
  14  0:31  Drone x2  
  16  0:50  Hatchery  
  16  0:55  Drone  
  16  0:57  Drone  
  17  1:06  Extractor  
  16  1:12  Spawning Pool  
  16  1:15  Drone  
  16  1:19  Drone  
  17  1:27  Drone  
  17  1:30  Drone  
  19  1:42  Drone  
  19  1:44  Extractor  
  19  1:50  Overlord  
  19  1:58  Queen  
  21  2:02  Queen  
  21  2:05  Drone  
  24  2:12  Drone  
  24  2:14  Drone  
  26  2:21  Drone  
  27  2:25  Evolution Chamber  
  27  2:27  Drone  
  27  2:31  Drone  
  28  2:54  Drone x2  
  28  2:58  Hatchery, Drone  
  31  3:00  Drone  
  31  3:17  Overlord  
  31  3:18  Drone x3  
  31  3:19  Drone x2  
  36  3:26  Zerg Ground Armor Level 1  
  36  3:32  Overlord  
  36  3:34  Overlord  
  36  3:39  Drone x2  
  36  3:40  Drone  
  39  3:42  Drone  
  40  4:00  Lair, Roach Warren  
  39  4:03  Drone x4, Extractor  
  39  4:07  Extractor  
  39  4:08  Queen  
  43  4:11  Queen  
  45  4:22  Drone  
  47  4:24  Drone x2  
  47  4:29  Drone  
  47  4:30  Drone  
  50  4:38  Overlord x3  
  50  4:46  Overlord x2  
  50  4:55  Drone x7  
  50  4:56  Drone  
  58  5:17  Hydralisk Den  
  58  5:18  Metabolic Boost  
  58  5:20  Roach  
  73  5:21  Roach x7  
  73  5:23  Zerg Missile Weapons Level 1  
  73  5:30  Drone  
  73  5:31  Drone x2  
  73  5:33  Glial Reconstitution  
  76  5:40  Evolution Chamber  
  75  5:47  Muscular Augments  
  75  5:49  Drone  
  77  5:50  Drone  
  77  5:55  Extractor  
  77  5:56  Extractor  
  75  5:59  Spore Crawler  
  75  6:00  Spore Crawler  
  75  6:02  Spore Crawler  
  72  6:11  Spore Crawler  
  71  6:17  Zerg Ground Armor Level 2  
  71  6:21  Zergling x16  
  71  6:22  Zergling x18  
  88  6:37  Drone x4  
  88  6:38  Drone x3  
  95  6:47  Hydralisk  
  95  6:50  Overlord x5  
  95  6:51  Overlord x3  
  97  7:00  Spore Crawler  
  96  7:13  Hydralisk x2  
  96  7:14  Hydralisk x6  
  112  7:20  Overseer  
  112  7:44  Zerg Missile Weapons Level 2  
  112  7:52  Spore Crawler  
  111  8:02  Roach  
  111  8:03  Roach x10  
  131  8:30  Hatchery  
  97  9:00  Roach x7  
  97  9:01  Roach x13  
  115  9:03  Zergling x2  
  115  9:08  Zergling x2  
  103  9:18  Zergling x2  
  103  9:19  Zergling x14  
  103  9:20  Spine Crawler  
  103  9:21  Spine Crawler  
  103  9:22  Spine Crawler x2  
  104  9:31  Zergling x4  
  104  9:32  Zergling x8  
  67  9:50  Zergling x2  
  67  9:51  Zergling x10  
Show
View Real Time Build Order
Export as new Build Order

Chris Protoss - Winner!

Build Orders: Nexus First 

Get SALT Encoding   

  12  0:02  Probe (Chrono Boost)  
  13  0:12  Probe (Chrono Boost)  
  14  0:22  Pylon  
  14  0:23  Probe (Chrono Boost)  
  15  0:40  Probe (Chrono Boost)  
  16  0:51  Probe (Chrono Boost)  
  17  0:58  Nexus  
  17  1:08  Gateway  
  17  1:12  Probe (Chrono Boost)  
  18  1:21  Assimilator  
  18  1:22  Probe (Chrono Boost)  
  19  1:26  Assimilator  
  19  1:33  Probe (Chrono Boost)  
  19  1:38  Pylon  
  20  1:43  Probe (Chrono Boost)  
  22  1:54  Probe (Chrono Boost)  
  22  2:00  Cybernetics Core  
  22  2:04  Probe (Chrono Boost), Zealot  
  25  2:11  Probe (Chrono Boost)  
  25  2:15  Probe (Chrono Boost)  
  27  2:22  Probe (Chrono Boost)  
  28  2:25  Probe (Chrono Boost)  
  29  2:32  Probe (Chrono Boost)  
  29  2:36  Probe (Chrono Boost)  
  31  2:39  Stalker  
  31  2:43  Warp Gate  
  32  2:46  Probe (Chrono Boost)  
  32  2:47  Mothership Core (Chrono Boost)  
  35  2:56  Probe (Chrono Boost)  
  36  2:59  Gateway  
  36  3:06  Probe (Chrono Boost)  
  36  3:07  Pylon  
  36  3:09  Sentry  
  36  3:10  Probe (Chrono Boost)  
  40  3:17  Probe (Chrono Boost)  
  40  3:19  Gateway  
  41  3:21  Probe (Chrono Boost)  
  42  3:27  Probe (Chrono Boost)  
  42  3:32  Probe (Chrono Boost), Pylon  
  44  3:35  Sentry  
  44  3:38  Probe (Chrono Boost)  
  47  3:43  Probe (Chrono Boost)  
  47  3:44  Robotics Facility  
  49  3:48  Probe (Chrono Boost)  
  49  3:53  Probe (Chrono Boost)  
  50  3:59  Probe (Chrono Boost)  
  51  4:04  Probe (Chrono Boost)  
  51  4:06  Forge  
  51  4:07  Assimilator  
  51  4:08  Pylon  
  51  4:09  Probe (Chrono Boost)  
  53  4:11  Assimilator  
  53  4:14  Probe (Chrono Boost)  
  54  4:20  Probe (Chrono Boost)  
  55  4:25  Probe (Chrono Boost)  
  55  4:27  Gateway  
  55  4:29  Gateway  
  55  4:30  Probe (Chrono Boost)  
  57  4:33  Observer (Chrono Boost)  
  57  4:34  Probe  
  59  4:40  Protoss Ground Weapons Level 1 (Chrono Boost)  
  59  4:41  Twilight Council  
  59  4:44  Pylon  
  59  4:47  Sentry  
  59  4:50  Stalker  
  59  4:52  Observer (Chrono Boost)  
  64  5:00  Pylon  
  64  5:11  Immortal (Chrono Boost)  
  68  5:19  Blink  
  68  5:22  Nexus  
  68  5:24  Pylon  
  68  5:26  Pylon  
  68  5:35  Robotics Bay  
  68  5:41  Pylon  
  68  5:43  Gateway  
  68  5:44  Gateway  
  68  5:46  Immortal (Chrono Boost), Pylon  
  72  5:53  Pylon  
  72  5:54  Dark Shrine  
  72  5:57  Probe  
  72  6:00  Probe  
  74  6:08  Probe  
  75  6:12  Probe  
  75  6:17  Stalker x3  
  82  6:19  Probe  
  82  6:23  Disruptor (Chrono Boost)  
  82  6:24  Probe  
  87  6:27  Pylon  
  87  6:29  Assimilator  
  87  6:31  Probe  
  88  6:35  Probe, Assimilator  
  88  6:36  Probe  
  90  6:41  Pylon  
  90  6:43  Probe  
  90  6:46  Probe  
  91  6:49  Probe  
  91  6:52  Protoss Ground Weapons Level 2 (Chrono Boost)  
  93  6:54  Photon Cannon  
  93  6:55  Disruptor (Chrono Boost), Photon Cannon  
  96  7:02  Probe  
  96  7:03  Probe  
  96  7:04  Probe  
  99  7:10  Gateway  
  99  7:13  Probe  
  99  7:15  Probe  
  101  7:16  Probe  
  101  7:22  Stalker x4  
  108  7:24  Stalker, Probe  
  108  7:27  Disruptor (Chrono Boost)  
  116  7:32  Probe  
  116  7:35  Stalker, Pylon  
  119  7:37  Stalker  
  120  7:45  Charge (Chrono Boost)  
  120  7:49  Stalker  
  120  7:50  Stalker  
  124  7:52  Pylon  
  124  8:05  Stalker x4  
  128  8:06  Stalker  
  128  8:11  Pylon  
  128  8:12  Disruptor  
  134  8:13  Pylon, Photon Cannon  
  137  8:23  Zealot  
  139  8:27  Stalker  
  139  8:28  Stalker  
  139  8:30  Stalker x3  
  149  8:34  Probe  
  149  8:38  Probe  
  148  8:41  Probe  
  148  8:47  Probe  
  142  8:49  Stalker x3  
  142  8:50  Probe  
  139  9:03  Probe  
  139  9:04  Stalker x3  
  139  9:05  Stalker x2  
  139  9:06  Disruptor  
  147  9:17  Probe  
  147  9:20  Probe  
  147  9:21  Probe  
  147  9:22  Pylon  
  150  9:29  Probe  
  141  9:41  Probe  
  141  9:42  Sentry x4  
  141  9:43  Stalker x2  
  152  9:51  Probe  
  151  9:57  Nexus  
  151  9:58  Photon Cannon  
  149  10:00  Probe x2, Photon Cannon  
  149  10:02  Photon Cannon  
  149  10:06  Stalker x4  
  149  10:07  Stalker  
Tags
 
Add a new tag
Caveats
  • Supply blocks, unpowered buildings, or Contaminate may cause inaccurate times.
  • Supply counts are checked every 10 seconds.